 Dungeon Crawl Stone Soup version 0.30.0-21-gd299b56b3f (webtiles) character file.

Game seed: 17942055293045204056

104553 qw the Severer (level 16, -13/104 HPs)
             Began as a Gargoyle Fighter on June 2, 2023.
             Was a High Priest of Okawaru.
             Mangled by an orc warrior
             ... wielding a +0 war axe
             ... led by an orc knight
              (16 damage)
             ... on level 2 of the Orcish Mines.
             The game lasted 00:14:35 (23039 turns).

qw the Severer (Gargoyle Fighter)                  Turns: 23039, Time: 00:14:36

Health: -13/104    AC: 38    Str: 33    XL:     16   Next: 39%
Magic:  29/32      EV: 17    Int:  9    God:    Okawaru [*****.]
Gold:   134        SH: 16    Dex: 20    Spells: 15/15 levels left

rFire   + + .        s - +5 war axe (vamp)
rCold   + . .        v - +0 kite shield
rNeg    + + .        n - +5 chain mail "Kureid" {-Cast rC+ Dex+10}
rPois   inf          k - +1 helmet
rElec   +            z - +0 cloak of Arirphom {Str+3}
rCorr   +            w - +2 pair of gloves
SInv    +            (no boots)
Will    +....        C - amulet of the Good {Faith rCorr}
Stlth   +            i - ring "Syusocea" {Wiz rElec rF+++ Str+2 Dex-3}
HPRegen 0.37/turn    u - ring "Poqutycs" {rF- rN+ MP+9 Dex+4 SInv}
MPRegen 0.23/turn

%: no spellcasting, faith, wizardry (x1)
@: about to teleport, heroic, marked, flying
A: sickness immunity, AC +12, big wings, negative energy resistance 1,
electricity resistance, torment resistance 1, petrification resistance
a: Renounce Religion, Heroism, Finesse, Duel


You were on level 2 of the Orcish Mines.
You worshipped Okawaru.
Okawaru was extremely pleased with you.
You visited 4 branches of the dungeon, and saw 23 of its levels.
You also visited: Sewer, Ossuary and Gauntlet.

You collected 2470 gold pieces.
You spent 2336 gold pieces at shops.


Innate Abilities, Weirdness & Mutations

You are immune to sickness and miasma.
Your stone body is resilient. (AC +12)
You are immune to poison.
Your large and strong wings let you fly.
You resist negative energy. (rN+)
You are resistant to electric shocks. (rElec)
You are resistant to unholy torment.
You are immune to petrification.


   Skills:
 - Level 13.0(18.0) Fighting
 - Level 16.0(21.0) Axes
 - Level 7.0(12.0) Throwing
 + Level 10.2(15.2) Armour
 - Level 7.0(12.0) Dodging
 - Level 13.4(18.4) Shields
 - Level 10.1 Invocations


You had 15 spell levels left.
You didn't know any spells.
Your spell library was empty.

Inventory:

Hand Weapons
 c - a +2 morningstar
 s - a +5 vampiric war axe (weapon)
Missiles
 q - 2 silver boomerangs
 x - 27 boomerangs
 D - 4 silver javelins (quivered)
 G - 4 javelins
Armour
 k - a +1 helmet (worn)
 n - the +5 chain mail "Kureid" (worn) {-Cast rC+ Dex+10}
   (You found it on level 5 of the Dungeon)

   Dex:       It affects your dexterity (+10).
   rC:        It protects you from cold.
   -Cast:     It prevents spellcasting.
 r - a scarf of resistance
 t - a +1 plate armour of fire resistance
 v - a +0 kite shield (worn)
 w - a +2 pair of gloves (worn)
 y - the +0 kite shield of the Cockroach {+Blink rCorr}
   (Okawaru gifted it to you on level 15 of the Dungeon)

   +Blink:    It lets you blink.
   rCorr:     It protects you from acid and corrosion.
 z - the +0 cloak of Arirphom (worn) {Str+3}
   (Okawaru gifted it to you on level 5 of the Lair of Beasts)

   Str:       It affects your strength (+3).
 B - a +1 helmet of see invisible
 I - a +1 hat of intelligence
 J - a +0 plate armour of poison resistance
Jewellery
 i - the ring "Syusocea" (left hand) {Wiz rElec rF+++ Str+2 Dex-3}
   (You found it on level 3 of the Dungeon)

   [ring of wizardry]

   It improves your spell success rate.
   Str:       It affects your strength (+2).
   Dex:       It affects your dexterity (-3).
   rF:        It renders you almost immune to fire.
   rElec:     It insulates you from electricity.
 o - an amulet of reflection
 u - the ring "Poqutycs" (right hand) {rF- rN+ MP+9 Dex+4 SInv}
   (You found it on level 7 of the Dungeon)

   [ring of magical power]

   Dex:       It affects your dexterity (+4).
   rF:        It makes you vulnerable to fire.
   rN:        It protects you from negative energy.
   MP:        It affects your magic capacity (+9).
   SInv:      It lets you see invisible.
 C - the amulet of the Good (around neck) {Faith rCorr}
   (You found it on level 2 of the Lair of Beasts)

   [amulet of faith]

   It allows you to gain divine favour quickly.
   rCorr:     It protects you from acid and corrosion.
 E - a +6 ring of dexterity
 F - a ring of positive energy
 H - a ring of protection from fire
 K - a +5 ring of evasion
 L - a ring of ice
 Y - a ring of ice
Scrolls
 a - 16 scrolls of identify
 g - 3 scrolls of teleportation
Potions
 b - 3 potions of mutation
 d - 6 potions of might
 e - 4 potions of haste
 f - 5 potions of curing
 h - a potion of cancellation
 j - 2 potions of resistance
 l - 4 potions of attraction
 m - 8 potions of heal wounds
 p - a potion of lignification
 A - a potion of magic

Dungeon Overview and Level Annotations

Branches:
Dungeon (15/15)            Temple (1/1) D:5            Lair (5/5) D:11
 Shoals (0/4) Lair:2        Snake (0/4) Lair:3        Slime (0/5) Lair:5
    Orc (2/2) D:9             Elf (0/3) Orc:2        Vaults (0/5) D:13
 Depths (0/4) D:15          Sewer (visited)         Ossuary (visited)
Gauntlet (visited)

Altars:
Ashenzari
Cheibriados
Dithmenos
Elyvilon
Fedhas
Gozag
Hepliaklqana
Kikubaaqudgha
Makhleb
Nemelex Xobeh
Okawaru
Qazlal
Ru
Sif Muna
Trog
Uskayaw
Vehumet
Wu Jian
Xom
Yredelemnul
Zin
The Shining One

Shops:
D:7 [   Orc:2 *[=(

Annotations:
D:5 1 runed translucent door
Lair:3 1 runed translucent door
Lair:5 1 runed translucent door


Message History

Enter note:
Enter note:
Enter note:
Enter note:
Enter note:
Enter note:
Enter note:
Enter note: You slash the orc warlord!
You feel better.
You kill the orc warlord!
Okawaru accepts your kill.
You can now enter into single combat with a foe.
Okawaru will now gift you equipment as you gain piety.
You slash the orc knight!
You feel better.
You closely miss the orc warlord. You hit the orc wizard.
You feel better.
The orc knight no longer looks unusually strong.
The orc wizard no longer looks unusually strong.
The orc knight roars a battlecry!
The orc wizard goes into a battle-frenzy!
The orc wizard closely misses you.
The orc knight hits you from afar with a +0 glaive!!
You block the orc warrior's attack.
The orc warlord hits you with a +0 war axe!!
Enter note:
Enter note:
Enter note:
Enter note:
Enter note:
Enter note:
Enter note:
Enter note:
23039 ||| READING 4 scrolls of teleportation.
As you read the scroll of teleportation, it crumbles to dust.
You feel strangely unstable.
The orc no longer looks unusually strong.
The orc knight roars a battlecry!
The orc goes into a battle-frenzy!
You block the orc's attack.
The orc warrior hits you with a +0 war axe!
You die... # ## .......# ...# .# ......# ....# .# ##....o##.(..# .# #oooooo.#....# ## .ooooo.o....# oooOo....# #oooo..# #@ooo#

########o'## # ...........#
## #.#.#.#....## ### .###
...........####.## ##.## ..
.............#...#
....##....................##
.#.#.#...............#....##
#.#...#
..........#.####...## ##


You could see an orc warlord (strong), 2 orc knights, 8 orc warriors, an ogre, 2
orc priests, 4 orc wizards and 8 orcs.

Vanquished Creatures
  Rupert (Orc:2)
  3 orc warlords (Orc:2)
  A dire elephant (D:15)
  Nessos (Orc:2)
  A minotaur (Gauntlet)
  Snorg (D:14)
  Josephine (D:15)
  Harold (Orc:1)
  3 catoblepae (Lair:5)
  2 hydras
  Erolcha (Orc:1)
  A death knight (D:15)
  Erica (Orc:1)
  6 centaur warriors
  An anaconda (Lair:4)
  4 boulder beetles
  8 two-headed ogres
  Urug (Lair:4)
  4 death yaks (Lair:5)
  A tengu warrior (Gauntlet)
  4 orc high priests (Orc:2)
  Sonja (Lair:1)
  Nergalle (D:12)
  5 skeletal warriors (D:14)
  A lindwurm (D:13)
  2 deep elf pyromancers (D:14)
  A necromancer (Gauntlet)
  A wolf spider (D:15)
  6 orc knights
  8 cyclopes
  5 manticores
  5 orc sorcerers
  13 ugly things
  A salamander (Lair:3)
  A merfolk siren (Lair:2)
  9 elephants
  A torpor snail (Lair:4)
  A black mamba (shapeshifter) (D:13)
  11 cane toads
  9 black mambas
  2 gargoyles
  A rime drake (Lair:4)
  An unseen horror (D:12)
  An efreet (D:15)
  5 komodo dragons
  A yaktaur (D:15)
  2 ice devils (D:13)
  An unseen horror (shapeshifter) (D:13)
  A tengu conjurer (Gauntlet)
  A freezing wraith (D:14)
  9 trolls
  A polar bear (Lair:4)
  23 blink frogs
  A meliai (shapeshifter) (D:11)
  5 dream sheep (Lair:1)
  24 slime creatures
  2 centaur simulacra
  3 shadows
  A yak (shapeshifter) (D:15)
  62 yaks
  3 basilisks (Lair:1)
  6 wraiths
  A vampire (D:11)
  A hog (shapeshifter) (D:14)
  6 wyverns
  A human (Lair:5)
  8 vampire mosquitoes
  11 wargs (Orc:2)
  Menkaure (D:7)
  Edmund (D:6)
  13 water moccasins
  Pargi (Sewer)
  2 floating eyes (D:14)
  A meliai simulacrum (Gauntlet)
  36 orc warriors
  2 black bears (D:11)
  15 ogres
  10 centaurs
  22 wolves
  A phantom (D:7)
  2 kobold brigands (D:9)
  2 wyvern zombies (Ossuary)
  9 gnoll sergeants
  8 bullfrogs
  A scorpion (D:5)
  A hornet simulacrum (Gauntlet)
  3 wights (D:9)
  4 water moccasin zombies (Ossuary)
  10 killer bees
  9 howler monkeys
  3 lava snakes (Lair:3)
  An electric eel (Lair:4)
  5 centaur zombies (Ossuary)
  A quasit (D:8)
  2 hounds
  5 bullfrog zombies (Ossuary)
  8 orc priests
  3 sleepcaps
  Natasha (thrice) (D:3)
  5 iguanas
  16 orc wizards
  5 killer bee zombies (Ossuary)
  A boggart simulacrum (Gauntlet)
  10 mummies (Ossuary)
  3 howler monkey zombies (Ossuary)
  Robin (D:3)
  14 gnolls
  11 adders
  A river rat (D:6)
  8 shadow imps
  2 white imps (D:7)
  4 worms
  3 dart slugs (D:1)
  65 orcs
  8 ball pythons
  6 bats
  7 endoplasms
  3 giant cockroaches (D:1)
  11 hobgoblins
  3 jackals (D:3)
  4 kobolds
  7 quokkas
  6 frilled lizards
  19 goblins
  A goblin skeleton (D:8)
  A goblin zombie (D:8)
  2 hobgoblin zombies (D:8)
  A jackal zombie (D:5)
  A kobold skeleton (D:5)
  A kobold zombie (D:8)
  3 orc skeletons (D:8)
  3 orc zombies (D:8)
  5 rats
739 creatures vanquished.

Notes
Turn   | Place    | Note
-------+----------+-------------------------------------------
     0 | D:1      | qw the Gargoyle Fighter began the quest for the Orb.
     0 | D:1      | Reached XP level 1. HP: 14/14 MP: 1/1
     0 | D:1      | 0 ||| qw: Version: 0.2-a-102-gdf20003
     0 | D:1      | 0 ||| qw: Game counter: 836
     0 | D:1      | 0 ||| qw: Always use a shield: true
     0 | D:1      | 0 ||| qw: God list: Okawaru
     0 | D:1      | 0 ||| qw: Allow faded altars: false
     0 | D:1      | 0 ||| qw: Do Orc after D:15 true
     0 | D:1      | 0 ||| qw: Do second Lair branch before Depths: true
     0 | D:1      | 0 ||| qw: Lair rune preference: random
     0 | D:1      | 0 ||| qw: Plans: Normal, Zot:1-4, Slime:5, God:TSO, Crypt,
                  | Tomb, Pan, Hells, Abyss, Win
     0 | D:1      | 0 ||| PLANNING D:1-11
    54 | D:1      | You fall into a shaft and drop 1 floor!
   124 | D:2      | Reached skill level 2 in Axes
   191 | D:2      | 191 ||| Stepping ~*~*~tactically~*~*~ (hiding).
   202 | D:2      | Reached XP level 2. HP: 8/19 MP: 2/2
   261 | D:2      | Reached skill level 3 in Axes
   277 | D:2      | Reached XP level 3. HP: 23/23 MP: 3/3
   279 | D:2      | 279 ||| READING 2 scrolls labelled BEOPLA CACS.
   280 | D:2      | 280 ||| READING scroll labelled LELIME IN OXI.
   284 | D:2      | 284 ||| READING scroll labelled VIBON RAUNN.
   386 | D:1      | 386 ||| READING scroll of enchant weapon.
   386 | D:1      | 386 ||| ENCHANTING +1 war axe.
   491 | D:1      | 491 ||| Stepping ~*~*~tactically~*~*~ (stealth).
   492 | D:1      | 492 ||| Stepping ~*~*~tactically~*~*~ (stealth).
   610 | D:1      | 610 ||| UPGRADING to +0 chain mail.
   630 | D:1      | 630 ||| DROPPING +0 scale mail.
   638 | D:1      | 638 ||| READING scroll labelled KUBIXTUUHA.
   639 | D:1      | 639 ||| Stepping ~*~*~tactically~*~*~ (stealth).
   651 | D:1      | Reached XP level 4. HP: 22/28 MP: 4/4
   655 | D:1      | 655 ||| FLEEEEING.
   656 | D:1      | 656 ||| FLEEEEING.
   657 | D:1      | 657 ||| FLEEEEING.
   658 | D:1      | 658 ||| FLEEEEING.
   660 | D:1      | 660 ||| FLEEEEING.
   661 | D:1      | 661 ||| FLEEEEING.
   662 | D:1      | 662 ||| FLEEEEING.
   663 | D:1      | 663 ||| FLEEEEING.
   664 | D:1      | 664 ||| FLEEEEING.
   665 | D:1      | 665 ||| FLEEEEING.
   666 | D:1      | 666 ||| FLEEEEING.
   764 | D:1      | 764 ||| DROPPING +0 club.
   863 | D:1      | 863 ||| READING scroll of enchant weapon.
   863 | D:1      | 863 ||| ENCHANTING +2 war axe.
   955 | D:1      | Reached skill level 4 in Axes
  1096 | D:1      | 1096 ||| READING 2 scrolls of identify.
  1096 | D:1      | 1096 ||| IDENTIFYING fuming clear potion
  1258 | D:2      | 1258 ||| Stepping ~*~*~tactically~*~*~ (stealth).
  1259 | D:2      | 1259 ||| Stepping ~*~*~tactically~*~*~ (stealth).
  1283 | D:2      | 1283 ||| Stepping ~*~*~tactically~*~*~ (stealth).
  1284 | D:2      | 1284 ||| DROPPING +0 mace.
  1286 | D:2      | 1286 ||| Stepping ~*~*~tactically~*~*~ (stealth).
  1387 | D:2      | 1387 ||| Stepping ~*~*~tactically~*~*~ (stealth).
  1685 | D:2      | 1685 ||| READING scroll labelled IQOTOJOHOU.
  1686 | D:2      | 1686 ||| READING scroll labelled ROLUITS GAOD.
  1687 | D:2      | 1687 ||| READING 2 scrolls of identify.
  1687 | D:2      | 1687 ||| IDENTIFYING white potion
  1688 | D:2      | 1688 ||| DROPPING potion of berserk rage.
  1718 | D:3      | Reached XP level 5. HP: 32/32 MP: 5/5
  1805 | D:3      | 1805 ||| Stepping ~*~*~tactically~*~*~ (stealth).
  1953 | D:3      | Noticed Natasha
  1954 | D:3      | 1954 ||| Stepping ~*~*~tactically~*~*~ (hiding).
  1956 | D:3      | 1956 ||| Stepping ~*~*~tactically~*~*~ (hiding).
  1963 | D:3      | Killed Natasha
  1964 | D:3      | 1964 ||| Stepping ~*~*~tactically~*~*~ (stealth).
  1976 | D:3      | 1976 ||| Stepping ~*~*~tactically~*~*~ (stealth).
  1988 | D:3      | Identified the ring "Syusocea" {Wiz rElec rF+++ Str+2
                  | Dex-3}
  2025 | D:3      | 2025 ||| Stepping ~*~*~tactically~*~*~ (stealth).
  2042 | D:3      | Identified the +5 ring mail of Opil Uro {Rampage *Slow rN++
                  | Dex+2}
  2045 | D:3      | Found a radiant altar of Vehumet.
  2062 | D:3      | Noticed Robin
  2063 | D:3      | Reached skill level 5 in Axes
  2076 | D:3      | Killed Robin
  2078 | D:3      | 2078 ||| FLEEEEING.
  2079 | D:3      | 2079 ||| FLEEEEING.
  2080 | D:3      | 2080 ||| FLEEEEING.
  2081 | D:3      | 2081 ||| FLEEEEING.
  2082 | D:3      | 2082 ||| FLEEEEING.
  2084 | D:3      | 2084 ||| FLEEEEING.
  2085 | D:3      | 2085 ||| FLEEEEING.
  2086 | D:3      | 2086 ||| FLEEEEING.
  2088 | D:3      | 2088 ||| FLEEEEING.
  2089 | D:3      | 2089 ||| FLEEEEING.
  2090 | D:3      | 2090 ||| FLEEEEING.
  2091 | D:3      | 2091 ||| FLEEEEING.
  2092 | D:3      | 2092 ||| FLEEEEING.
  2113 | D:3      | Noticed Natasha
  2114 | D:3      | 2114 ||| Stepping ~*~*~tactically~*~*~ (hiding).
  2128 | D:3      | Killed Natasha
  2129 | D:3      | 2129 ||| FLEEEEING.
  2130 | D:3      | 2130 ||| FLEEEEING.
  2131 | D:3      | 2131 ||| FLEEEEING.
  2132 | D:3      | 2132 ||| FLEEEEING.
  2133 | D:3      | 2133 ||| FLEEEEING.
  2134 | D:3      | 2134 ||| FLEEEEING.
  2135 | D:3      | 2135 ||| FLEEEEING.
  2136 | D:3      | 2136 ||| FLEEEEING.
  2137 | D:3      | 2137 ||| FLEEEEING.
  2138 | D:3      | 2138 ||| FLEEEEING.
  2139 | D:3      | 2139 ||| FLEEEEING.
  2140 | D:3      | 2140 ||| FLEEEEING.
  2141 | D:3      | 2141 ||| FLEEEEING.
  2142 | D:3      | 2142 ||| FLEEEEING.
  2143 | D:3      | 2143 ||| FLEEEEING.
  2144 | D:3      | 2144 ||| FLEEEEING.
  2226 | D:3      | Found a burning altar of Makhleb.
  2226 | D:3      | Noticed an Executioner
  2318 | D:3      | Found a faded altar of an unknown god.
  2448 | D:3      | Noticed Natasha
  2453 | D:3      | Killed Natasha
  2454 | D:3      | Reached XP level 6. HP: 38/38 MP: 6/6
  2615 | D:3      | 2615 ||| Stepping ~*~*~tactically~*~*~ (stealth).
  2629 | D:3      | Found a bloodstained altar of Trog.
  2634 | D:3      | 2634 ||| DROPPING +5 ring mail of Opil Uro {Rampage *Slow
                  | rN++ Dex+2}.
  2635 | D:3      | 2635 ||| UPGRADING to +0 helmet.
  2640 | D:3      | 2640 ||| UPGRADING to ring "Syusocea" {Wiz rElec rF+++
                  | Str+2 Dex-3}.
  2641 | D:3      | 2641 ||| READING scroll labelled NOATIF QOLOIK.
  2670 | D:3      | 2670 ||| READING 2 scrolls of identify.
  2670 | D:3      | 2670 ||| IDENTIFYING green potion
  3168 | D:4      | Found Zin's Purification Station.
  3174 | D:4      | Found a glowing silver altar of Zin.
  3177 | D:4      | 3177 ||| BUYING potion of curing (90 gold).
  3177 | D:4      | Bought a potion of curing for 90 gold pieces
  3233 | D:4      | 3233 ||| DROPPING +0 flail.
  3392 | D:4      | Reached skill level 6 in Axes
  3647 | D:4      | 3647 ||| READING scroll labelled NUICSI BOA.
  3648 | D:4      | 3648 ||| READING scroll labelled NOAFUETSETH.
  3649 | D:4      | 3649 ||| READING 2 scrolls of identify.
  3649 | D:4      | 3649 ||| IDENTIFYING purple potion
  3678 | D:5      | Entered Level 5 of the Dungeon
  3710 | D:5      | Reached XP level 7. HP: 13/43 MP: 7/7
  3734 | D:5      | 3734 ||| Stepping ~*~*~tactically~*~*~ (stealth).
  3873 | D:5      | Reached skill level 7 in Axes
  3935 | D:5      | 3935 ||| Stepping ~*~*~tactically~*~*~ (stealth).
  3972 | D:5      | 3972 ||| Stepping ~*~*~tactically~*~*~ (hiding).
  3973 | D:5      | 3973 ||| Stepping ~*~*~tactically~*~*~ (hiding).
  3975 | D:5      | 3975 ||| Stepping ~*~*~tactically~*~*~ (hiding).
  3984 | D:5      | 3984 ||| Stepping ~*~*~tactically~*~*~ (stealth).
  4006 | D:5      | 4006 ||| Stepping ~*~*~tactically~*~*~ (stealth).
  4007 | D:5      | 4007 ||| Stepping ~*~*~tactically~*~*~ (stealth).
  4052 | D:5      | 4052 ||| Stepping ~*~*~tactically~*~*~ (stealth).
  4053 | D:5      | 4053 ||| Stepping ~*~*~tactically~*~*~ (stealth).
  4071 | D:5      | Found a runed translucent door.
  4071 | D:5      | Identified the +5 chain mail "Kureid" {-Cast rC+ Dex+10}
  4071 | D:5      | Noticed a human
  4077 | D:5      | Found a basalt altar of Yredelemnul.
  4132 | D:5      | Found a staircase to the Ecumenical Temple.
  4133 | D:5      | 4133 ||| PLANNING TEMPLE
  4133 | D:5      | 4133 ||| UPGRADING to +5 chain mail "Kureid" {-Cast rC+
                  | Dex+10}.
  4143 | D:5      | 4143 ||| DROPPING +0 chain mail.
  4144 | D:5      | 4144 ||| DRINKING 2 viscous cyan potions.
  4151 | Temple   | Entered the Ecumenical Temple
  4153 | Temple   | 4153 ||| PLANNING OKAWARU WORSHIP
  4170 | Temple   | Became a worshipper of Warmaster Okawaru
  4170 | Temple   | 4170 ||| PLANNING D:1-11
  4227 | D:5      | Found a blossoming altar of Fedhas.
  4246 | D:5      | Reached XP level 8. HP: 44/49 MP: 8/8
  4328 | D:5      | Reached skill level 1 in Dodging
  4404 | D:5      | 4404 ||| READING scroll labelled FOASEM DALU.
  4421 | D:6      | 4421 ||| PLANNING SEWER
  4479 | D:6      | Found a sand-covered staircase.
  4482 | D:6      | Identified the +0 robe "Lifu" {rF+ rN++ Int+3}
  4545 | D:6      | Noticed Edmund
  4563 | D:6      | Killed Edmund
  4596 | D:6      | 4596 ||| DROPPING +2 heavy flail.
  4639 | D:6      | 4639 ||| Stepping ~*~*~tactically~*~*~ (hiding).
  4767 | D:6      | Found an opulent altar of Gozag.
  4777 | D:6      | 4777 ||| Stepping ~*~*~tactically~*~*~ (hiding).
  4780 | D:6      | 4780 ||| Stepping ~*~*~tactically~*~*~ (hiding).
  4845 | D:6      | 4845 ||| Stepping ~*~*~tactically~*~*~ (stealth).
  4853 | D:6      | 4853 ||| Stepping ~*~*~tactically~*~*~ (stealth).
  4857 | D:6      | Reached skill level 8 in Axes
  4908 | D:6      | Found a glowing drain.
  4924 | D:6      | 4924 ||| READING scroll labelled QAOFFE MIEVU.
  4925 | D:6      | 4925 ||| READING scroll labelled CYNIMA YQIODGH.
  4935 | Sewer    | Entered a sewer
  4963 | Sewer    | Noticed Pargi
  4977 | Sewer    | Killed Pargi
  5024 | Sewer    | 5024 ||| READING 2 scrolls of identify.
  5024 | Sewer    | 5024 ||| IDENTIFYING lumpy cyan potion
  5033 | D:6      | 5033 ||| PLANNING OSSUARY
  5107 | Ossuary  | Entered an ossuary
  5216 | Ossuary  | Reached * piety under Okawaru
  5217 | Ossuary  | Reached skill level 6 in Fighting
  5220 | Ossuary  | Reached skill level 1 in Invocations
  5299 | Ossuary  | 5299 ||| Stepping ~*~*~tactically~*~*~ (stealth).
  5317 | Ossuary  | Reached skill level 3 in Invocations
  5318 | Ossuary  | Reached XP level 9. HP: 43/55 MP: 11/11
  5492 | Ossuary  | Reached ** piety under Okawaru
  5526 | Ossuary  | Reached skill level 9 in Axes
  5551 | Ossuary  | 5551 ||| Stepping ~*~*~tactically~*~*~ (stealth).
  5631 | Ossuary  | 5631 ||| UPGRADING to ring of ice.
  5632 | Ossuary  | 5632 ||| READING scroll labelled OKAIHA LIEDON.
  5633 | Ossuary  | 5633 ||| READING scroll labelled NUOGIF XOSCHUO.
  5734 | Ossuary  | 5734 ||| READING 2 scrolls labelled ZEULOAHU WOTISK.
  5735 | Ossuary  | 5735 ||| READING scroll labelled ERCHISH USER.
  5736 | Ossuary  | 5736 ||| DRINKING 3 yellow potions.
  5737 | Ossuary  | 5737 ||| READING 3 scrolls of identify.
  5737 | Ossuary  | 5737 ||| IDENTIFYING sapphire potion
  5738 | Ossuary  | 5738 ||| READING 2 scrolls of identify.
  5738 | Ossuary  | 5738 ||| IDENTIFYING sedimented green potion
  5739 | Ossuary  | 5739 ||| DROPPING 2 potions of flight.
  5740 | Ossuary  | 5740 ||| DROPPING scroll of immolation.
  5764 | D:6      | 5764 ||| PLANNING D:1-11
  5841 | D:6      | 5841 ||| INVOKING Heroism.
  5885 | D:6      | 5885 ||| DROPPING +1 flail of protection.
  6120 | D:7      | 6120 ||| STAIRDANCE
  6196 | D:7      | 6196 ||| Stepping ~*~*~tactically~*~*~ (hiding).
  6267 | D:7      | 6267 ||| INVOKING Heroism.
  6405 | D:7      | Identified the ring "Poqutycs" {rF- rN+ MP+9 Dex+4 SInv}
  6441 | D:7      | 6441 ||| Stepping ~*~*~tactically~*~*~ (stealth).
  6442 | D:7      | 6442 ||| Stepping ~*~*~tactically~*~*~ (stealth).
  6463 | D:7      | 6463 ||| Stepping ~*~*~tactically~*~*~ (stealth).
  6574 | D:7      | Noticed Menkaure
  6575 | D:7      | 6575 ||| Stepping ~*~*~tactically~*~*~ (stealth).
  6577 | D:7      | 6577 ||| Stepping ~*~*~tactically~*~*~ (hiding).
  6579 | D:7      | 6579 ||| INVOKING Heroism.
  6584 | D:7      | Killed Menkaure
  6740 | D:7      | Found Ylotusch's Antique Armour Emporium.
  6743 | D:7      | 6743 ||| BUYING pair of gloves (148 gold).
  6743 | D:7      | Bought a pair of gloves for 148 gold pieces
  6866 | D:7      | 6866 ||| DROPPING orb of energy.
  6867 | D:7      | 6867 ||| UPGRADING to +0 kite shield.
  6877 | D:7      | 6877 ||| DROPPING +0 buckler.
  6878 | D:7      | 6878 ||| UPGRADING to +0 pair of gloves.
  6883 | D:7      | 6883 ||| UPGRADING to ring "Poqutycs" {rF- rN+ MP+9 Dex+4
                  | SInv}.
  6937 | D:7      | 6937 ||| READING 2 scrolls of identify.
  6937 | D:7      | 6937 ||| IDENTIFYING coppery potion
  6938 | D:7      | 6938 ||| DROPPING potion of brilliance.
  7026 | D:8      | 7026 ||| Stepping ~*~*~tactically~*~*~ (stealth).
  7036 | D:8      | 7036 ||| Stepping ~*~*~tactically~*~*~ (hiding).
  7089 | D:8      | 7089 ||| Stepping ~*~*~tactically~*~*~ (stealth).
  7090 | D:8      | 7090 ||| Stepping ~*~*~tactically~*~*~ (stealth).
  7119 | D:8      | Found a glowing golden altar of the Shining One.
  7120 | D:8      | 7120 ||| Stepping ~*~*~tactically~*~*~ (stealth).
  7123 | D:8      | 7123 ||| Stepping ~*~*~tactically~*~*~ (stealth).
  7131 | D:8      | 7131 ||| Stepping ~*~*~tactically~*~*~ (stealth).
  7149 | D:8      | 7149 ||| Stepping ~*~*~tactically~*~*~ (stealth).
  7161 | D:8      | 7161 ||| Stepping ~*~*~tactically~*~*~ (stealth).
  7260 | D:8      | 7260 ||| Stepping ~*~*~tactically~*~*~ (hiding).
  7372 | D:8      | 7372 ||| READING scroll of enchant armour.
  7372 | D:8      | 7372 ||| ENCHANTING +0 pair of gloves.
  7385 | D:8      | Noticed a gargoyle
  7401 | D:8      | Killed a gargoyle
  7401 | D:8      | Reached *** piety under Okawaru
  7402 | D:8      | Reached skill level 6 in Shields
  7402 | D:8      | Reached XP level 10. HP: 63/63 MP: 13/13
  7452 | D:8      | 7452 ||| INVOKING Heroism.
  7481 | D:8      | 7481 ||| FLEEEEING.
  7487 | D:8      | 7487 ||| FLEEEEING.
  7488 | D:8      | 7488 ||| FLEEEEING.
  7489 | D:8      | 7489 ||| FLEEEEING.
  7490 | D:8      | 7490 ||| FLEEEEING.
  7499 | D:8      | 7499 ||| Stepping ~*~*~tactically~*~*~ (hiding).
  7500 | D:8      | 7500 ||| FLEEEEING.
  7513 | D:8      | 7513 ||| FLEEEEING.
  7515 | D:8      | 7515 ||| FLEEEEING.
  7518 | D:8      | 7518 ||| INVOKING Heroism.
  7926 | D:8      | 7926 ||| READING scroll of enchant armour.
  7926 | D:8      | 7926 ||| ENCHANTING +1 pair of gloves.
  8011 | D:8      | 8011 ||| DROPPING +6 ring of intelligence.
  8012 | D:8      | 8012 ||| READING 2 scrolls of identify.
  8012 | D:8      | 8012 ||| IDENTIFYING bubbling grey potion
  8013 | D:8      | 8013 ||| DROPPING potion of degeneration.
  8096 | D:9      | 8096 ||| READING scroll of enchant weapon.
  8096 | D:9      | 8096 ||| ENCHANTING +3 war axe of protection.
  8194 | D:9      | Noticed a two-headed ogre
  8195 | D:9      | 8195 ||| INVOKING Heroism.
  8205 | D:9      | Killed a two-headed ogre
  8327 | D:9      | Found an ornate altar of the Wu Jian Council.
  8329 | D:9      | 8329 ||| DROPPING +0 morningstar.
  8388 | D:9      | Reached skill level 3 in Dodging
  8401 | D:9      | Found a staircase to the Orcish Mines.
  8402 | D:9      | 8402 ||| INVOKING Heroism.
  8415 | D:9      | Reached **** piety under Okawaru
  8418 | D:9      | HP: 13/63 [orc warrior/+0 glaive (5)]
  8419 | D:9      | 8419 ||| READING 2 scrolls of teleportation.
  8420 | D:9      | 8420 ||| DRINKING 6 potions of heal wounds.
  8421 | D:9      | 8421 ||| INVOKING Heroism.
  8746 | D:9      | Reached skill level 9 in Shields
  8859 | D:9      | Reached skill level 10 in Axes
  8950 | D:9      | Reached XP level 11. HP: 57/68 MP: 14/14
  9076 | D:9      | Found a sacrificial altar of Ru.
  9076 | D:9      | Found a shimmering blue altar of Sif Muna.
  9272 | D:9      | 9272 ||| INVOKING Heroism.
  9306 | D:9      | 9306 ||| Stepping ~*~*~tactically~*~*~ (stealth).
  9327 | D:9      | Reached skill level 6 in Invocations
  9336 | D:9      | 9336 ||| Stepping ~*~*~tactically~*~*~ (stealth).
  9340 | D:9      | 9340 ||| INVOKING Heroism.
  9380 | D:9      | 9380 ||| UPGRADING to amulet of reflection.
  9452 | D:9      | Reached skill level 1 in Throwing
  9471 | D:9      | 9471 ||| Stepping ~*~*~tactically~*~*~ (hiding).
  9504 | D:10     | Entered Level 10 of the Dungeon
  9553 | D:10     | 9553 ||| Stepping ~*~*~tactically~*~*~ (hiding).
  9554 | D:10     | 9554 ||| Stepping ~*~*~tactically~*~*~ (hiding).
  9556 | D:10     | 9556 ||| Stepping ~*~*~tactically~*~*~ (hiding).
  9810 | D:10     | Found a hide-covered altar of Uskayaw.
  9811 | D:10     | 9811 ||| INVOKING Heroism.
  9866 | D:10     | 9866 ||| Stepping ~*~*~tactically~*~*~ (hiding).
 10073 | D:10     | Received a gift from Okawaru
 10082 | D:10     | 10082 ||| Stepping ~*~*~tactically~*~*~ (stealth).
 10104 | D:10     | Reached skill level 3 in Throwing
 10496 | D:10     | 10496 ||| READING scroll of enchant armour.
 10496 | D:10     | 10496 ||| ENCHANTING +0 helmet.
 10498 | D:10     | 10498 ||| UPGRADING to +0 cloak.
 10543 | D:11     | 10543 ||| PLANNING GAUNTLET
 10582 | D:11     | 10582 ||| Stepping ~*~*~tactically~*~*~ (stealth).
 10583 | D:11     | 10583 ||| INVOKING Heroism.
 10637 | D:11     | 10637 ||| INVOKING Heroism.
 10671 | D:11     | Reached ***** piety under Okawaru
 10672 | D:11     | Reached skill level 6 in Armour
 10687 | D:11     | Found a staircase to the Lair.
 10704 | D:11     | Noticed a cyclops
 10705 | D:11     | 10705 ||| Stepping ~*~*~tactically~*~*~ (hiding).
 10707 | D:11     | 10707 ||| Stepping ~*~*~tactically~*~*~ (hiding).
 10711 | D:11     | 10711 ||| INVOKING Heroism.
 10719 | D:11     | Killed a cyclops
 10732 | D:11     | 10732 ||| Stepping ~*~*~tactically~*~*~ (stealth).
 10735 | D:11     | 10735 ||| Stepping ~*~*~tactically~*~*~ (stealth).
 10796 | D:11     | Noticed a centaur warrior
 10798 | D:11     | Killed a centaur warrior
 10799 | D:11     | Reached skill level 9 in Invocations
 10802 | D:11     | Noticed a two-headed ogre
 10803 | D:11     | 10803 ||| Stepping ~*~*~tactically~*~*~ (stealth).
 10826 | D:11     | Reached XP level 12. HP: 70/73 MP: 18/18
 10837 | D:11     | Found a gate leading to a gauntlet.
 10846 | Gauntlet | Entered a Gauntlet
 10846 | Gauntlet | Found a transporter.
 10855 | Gauntlet | Found a transporter.
 10858 | Gauntlet | Found a transporter.
 10859 | Gauntlet | Found a transporter.
 10870 | Gauntlet | Found a transporter.
 10870 | Gauntlet | Found a transporter.
 10871 | Gauntlet | Found a transporter.
 10876 | Gauntlet | Noticed a tengu warrior
 10879 | Gauntlet | Found a transporter.
 10882 | Gauntlet | Found a transporter.
 10883 | Gauntlet | Found a transporter.
 10887 | Gauntlet | Found a runed translucent door.
 10887 | Gauntlet | Found a runed translucent door.
 10891 | Gauntlet | Found a transporter.
 10894 | Gauntlet | Found a transporter.
 10895 | Gauntlet | Found a transporter.
 10900 | Gauntlet | Noticed a hell hog
 10902 | Gauntlet | Found a runed translucent door.
 10905 | Gauntlet | Found a transporter.
 10989 | Gauntlet | Reached skill level 11 in Axes
 10996 | Gauntlet | 10996 ||| INVOKING Heroism.
 11160 | Gauntlet | Killed a tengu warrior
 11239 | Gauntlet | Identified the ring of Law {Fire rPois Str-5 Dex-4 SInv}
 11239 | Gauntlet | Noticed a minotaur
 11240 | Gauntlet | 11240 ||| Stepping ~*~*~tactically~*~*~ (stealth).
 11242 | Gauntlet | 11242 ||| INVOKING Heroism.
 11243 | Gauntlet | 11243 ||| INVOKING Finesse.
 11256 | Gauntlet | Killed a minotaur
 11378 | Gauntlet | Identified the +1 chain mail "Kuojal" {Harm +Inv}
 11378 | Gauntlet | Identified the staff of earth "Otoab" {rF+ Will+ SInv}
 11464 | Gauntlet | 11464 ||| UPGRADING to amulet of faith.
 11496 | D:11     | 11496 ||| PLANNING LAIR
 11517 | D:11     | 11517 ||| Stepping ~*~*~tactically~*~*~ (stealth).
 11523 | D:11     | Killed a two-headed ogre
 11530 | Lair:1   | Entered Level 1 of the Lair of Beasts
 11584 | Lair:1   | Received a gift from Okawaru
 11633 | Lair:1   | Reached skill level 9 in Fighting
 11658 | Lair:1   | 11658 ||| Stepping ~*~*~tactically~*~*~ (stealth).
 11659 | Lair:1   | 11659 ||| Stepping ~*~*~tactically~*~*~ (stealth).
 11660 | Lair:1   | 11660 ||| Stepping ~*~*~tactically~*~*~ (stealth).
 11661 | Lair:1   | 11661 ||| Stepping ~*~*~tactically~*~*~ (stealth).
 11662 | Lair:1   | 11662 ||| INVOKING Heroism.
 11693 | Lair:1   | Received a gift from Okawaru
 11695 | Lair:1   | 11695 ||| DROPPING +4 war axe of electrocution.
 11761 | Lair:1   | Noticed a boulder beetle
 11762 | Lair:1   | 11762 ||| Stepping ~*~*~tactically~*~*~ (stealth).
 11764 | Lair:1   | 11764 ||| INVOKING Heroism.
 11766 | Lair:1   | 11766 ||| INVOKING Finesse.
 11785 | Lair:1   | Killed a boulder beetle
 11895 | Lair:1   | 11895 ||| READING scroll of brand weapon.
 11895 | Lair:1   | 11895 ||| BRANDING +4 war axe of protection.
 12107 | Lair:1   | 12107 ||| Stepping ~*~*~tactically~*~*~ (hiding).
 12187 | Lair:1   | Noticed Sonja
 12188 | Lair:1   | 12188 ||| Stepping ~*~*~tactically~*~*~ (hiding).
 12191 | Lair:1   | 12191 ||| INVOKING Finesse.
 12192 | Lair:1   | 12192 ||| INVOKING Finesse.
 12196 | Lair:1   | Killed Sonja
 12201 | Lair:1   | 12201 ||| Stepping ~*~*~tactically~*~*~ (stealth).
 12221 | Lair:1   | 12221 ||| Stepping ~*~*~tactically~*~*~ (stealth).
 12251 | Lair:1   | Received a gift from Okawaru
 12692 | Lair:2   | Received a gift from Okawaru
 12693 | Lair:2   | Reached skill level 12 in Axes
 12698 | Lair:2   | Reached XP level 13. HP: 80/80 MP: 20/20
 12789 | Lair:2   | Found a staircase to the Shoals.
 12790 | Lair:2   | 12790 ||| Stepping ~*~*~tactically~*~*~ (hiding).
 12838 | Lair:2   | Identified the amulet of the Good {Faith rCorr}
 12954 | Lair:2   | 12954 ||| Stepping ~*~*~tactically~*~*~ (stealth).
 12956 | Lair:2   | 12956 ||| Stepping ~*~*~tactically~*~*~ (stealth).
 13217 | Lair:2   | 13217 ||| UPGRADING to amulet of the Good {Faith rCorr}.
 13227 | Lair:2   | 13227 ||| DROPPING amulet of faith.
 13344 | Lair:3   | 13344 ||| INVOKING Heroism.
 13360 | Lair:3   | Found a runed translucent door.
 13408 | Lair:3   | 13408 ||| Stepping ~*~*~tactically~*~*~ (stealth).
 13412 | Lair:3   | 13412 ||| Stepping ~*~*~tactically~*~*~ (stealth).
 13413 | Lair:3   | 13413 ||| Stepping ~*~*~tactically~*~*~ (stealth).
 13414 | Lair:3   | 13414 ||| Stepping ~*~*~tactically~*~*~ (stealth).
 13458 | Lair:3   | Found a staircase to the Snake Pit.
 13459 | Lair:3   | 13459 ||| Stepping ~*~*~tactically~*~*~ (hiding).
 13470 | Lair:3   | 13470 ||| INVOKING Heroism.
 13711 | Lair:3   | 13711 ||| Stepping ~*~*~tactically~*~*~ (stealth).
 13713 | Lair:3   | 13713 ||| Stepping ~*~*~tactically~*~*~ (stealth).
 13716 | Lair:3   | 13716 ||| Stepping ~*~*~tactically~*~*~ (stealth).
 13717 | Lair:3   | 13717 ||| Stepping ~*~*~tactically~*~*~ (stealth).
 13719 | Lair:3   | 13719 ||| Stepping ~*~*~tactically~*~*~ (stealth).
 13733 | Lair:3   | 13733 ||| Stepping ~*~*~tactically~*~*~ (stealth).
 13821 | Lair:3   | Found the +8 whip "Snakebite" {venom, curare, rPois}
 13942 | Lair:3   | 13942 ||| Stepping ~*~*~tactically~*~*~ (stealth).
 14207 | Lair:4   | 14207 ||| INVOKING Heroism.
 14210 | Lair:4   | 14210 ||| Stepping ~*~*~tactically~*~*~ (stealth).
 14211 | Lair:4   | 14211 ||| Stepping ~*~*~tactically~*~*~ (stealth).
 14212 | Lair:4   | 14212 ||| Stepping ~*~*~tactically~*~*~ (stealth).
 14217 | Lair:4   | 14217 ||| Stepping ~*~*~tactically~*~*~ (stealth).
 14218 | Lair:4   | 14218 ||| Stepping ~*~*~tactically~*~*~ (stealth).
 14226 | Lair:4   | 14226 ||| Stepping ~*~*~tactically~*~*~ (hiding).
 14286 | Lair:4   | 14286 ||| INVOKING Heroism.
 14287 | Lair:4   | Noticed Urug
 14321 | Lair:4   | Killed Urug
 14436 | Lair:4   | Reached skill level 13 in Axes
 14460 | Lair:4   | 14460 ||| INVOKING Heroism.
 14492 | Lair:4   | 14492 ||| Stepping ~*~*~tactically~*~*~ (stealth).
 14778 | Lair:4   | 14778 ||| INVOKING Heroism.
 14781 | Lair:4   | 14781 ||| SWAPPING to +2 morningstar.
 14787 | Lair:4   | 14787 ||| SWAPPING to +4 vampiric war axe.
 14879 | Lair:4   | 14879 ||| FLEEEEING.
 14881 | Lair:4   | 14881 ||| INVOKING Heroism.
 14985 | Lair:4   | 14985 ||| INVOKING Heroism.
 15066 | Lair:4   | 15066 ||| READING 11 scrolls of identify.
 15066 | Lair:4   | 15066 ||| IDENTIFYING orange potion
 15148 | Lair:4   | Received a gift from Okawaru
 15153 | Lair:4   | Gained mutation: Your large and strong wings let you fly.
                  | [Gargoyle growth]
 15153 | Lair:4   | Reached XP level 14. HP: 75/88 MP: 21/21
 15388 | Lair:5   | Entered Level 5 of the Lair of Beasts
 15427 | Lair:5   | Reached skill level 14 in Axes
 15469 | Lair:5   | 15469 ||| Stepping ~*~*~tactically~*~*~ (stealth).
 15494 | Lair:5   | Found a staircase to the Slime Pits.
 15500 | Lair:5   | Identified the +6 scimitar of Psychosis {freeze, Will+
                  | Str+5 SInv Stlth-}
 15611 | Lair:5   | 15611 ||| INVOKING Heroism.
 15612 | Lair:5   | 15612 ||| INVOKING Finesse.
 15746 | Lair:5   | Identified the +0 cloak of Arirphom {Str+3} (Okawaru gifted
                  | it to you on level 5 of the Lair of Beasts)
 15746 | Lair:5   | Received a gift from Okawaru
 15862 | Lair:5   | 15862 ||| INVOKING Heroism.
 15863 | Lair:5   | 15863 ||| INVOKING Finesse.
 15909 | Lair:5   | 15909 ||| Stepping ~*~*~tactically~*~*~ (stealth).
 16001 | Lair:5   | Found a runed translucent door.
 16152 | Lair:5   | 16152 ||| INVOKING Heroism.
 16190 | Lair:5   | 16190 ||| Stepping ~*~*~tactically~*~*~ (stealth).
 16191 | Lair:5   | 16191 ||| Stepping ~*~*~tactically~*~*~ (stealth).
 16193 | Lair:5   | 16193 ||| INVOKING Heroism.
 16229 | Lair:5   | Reached skill level 9 in Armour
 16230 | Lair:5   | 16230 ||| Stepping ~*~*~tactically~*~*~ (stealth).
 16233 | Lair:5   | 16233 ||| Stepping ~*~*~tactically~*~*~ (stealth).
 16327 | Lair:5   | 16327 ||| Stepping ~*~*~tactically~*~*~ (stealth).
 16363 | Lair:5   | 16363 ||| Stepping ~*~*~tactically~*~*~ (stealth).
 16364 | Lair:5   | 16364 ||| Stepping ~*~*~tactically~*~*~ (stealth).
 16365 | Lair:5   | 16365 ||| INVOKING Heroism.
 16377 | Lair:5   | Reached skill level 12 in Shields
 16812 | Lair:5   | 16812 ||| PLANNING D:1-11
 16812 | Lair:5   | 16812 ||| UPGRADING to +0 cloak of Arirphom {Str+3}.
 16822 | Lair:5   | 16822 ||| DROPPING +0 cloak.
 16965 | D:11     | 16965 ||| DRINKING 2 potions of cancellation.
 17169 | D:11     | 17169 ||| READING scroll of enchant weapon.
 17169 | D:11     | 17169 ||| ENCHANTING +4 vampiric war axe.
 17479 | D:11     | 17479 ||| PLANNING D
 17479 | D:11     | 17479 ||| DROPPING amulet of the acrobat.
 17508 | D:12     | 17508 ||| INVOKING Heroism.
 17577 | D:12     | 17577 ||| INVOKING Heroism.
 17581 | D:12     | Reached skill level 6 in Throwing
 17737 | D:12     | 17737 ||| Stepping ~*~*~tactically~*~*~ (hiding).
 17755 | D:12     | 17755 ||| Stepping ~*~*~tactically~*~*~ (stealth).
 17820 | D:12     | Noticed Nergalle
 17833 | D:12     | Killed Nergalle
 17835 | D:12     | 17835 ||| Stepping ~*~*~tactically~*~*~ (stealth).
 18207 | D:12     | 18207 ||| DROPPING +3 plate armour of ponderousness.
 18252 | D:13     | 18252 ||| Stepping ~*~*~tactically~*~*~ (hiding).
 18276 | D:13     | Found a gate to the Vaults.
 18362 | D:13     | 18362 ||| Stepping ~*~*~tactically~*~*~ (hiding).
 18363 | D:13     | 18363 ||| Stepping ~*~*~tactically~*~*~ (hiding).
 18367 | D:13     | 18367 ||| Stepping ~*~*~tactically~*~*~ (hiding).
 18394 | D:13     | Reached XP level 15. HP: 94/94 MP: 22/22
 18481 | D:13     | Received a gift from Okawaru
 18482 | D:13     | Reached skill level 15 in Axes
 18687 | D:13     | 18687 ||| Stepping ~*~*~tactically~*~*~ (stealth).
 18701 | D:13     | 18701 ||| INVOKING Heroism.
 18788 | D:13     | Found a frozen archway.
 19164 | D:13     | 19164 ||| INVOKING Heroism.
 19268 | D:13     | 19268 ||| READING 13 scrolls of identify.
 19268 | D:13     | 19268 ||| IDENTIFYING fuming coppery potion
 19269 | D:13     | 19269 ||| DROPPING potion of ambrosia.
 19337 | D:14     | 19337 ||| INVOKING Heroism.
 19344 | D:14     | 19344 ||| Stepping ~*~*~tactically~*~*~ (hiding).
 19353 | D:14     | Reached skill level 12 in Fighting
 19362 | D:14     | Received a gift from Okawaru
 19434 | D:14     | Noticed Snorg
 19437 | D:14     | 19437 ||| INVOKING Heroism.
 19449 | D:14     | Killed Snorg
 19458 | D:14     | Reached skill level 6 in Dodging
 19618 | D:14     | 19618 ||| Stepping ~*~*~tactically~*~*~ (hiding).
 19619 | D:14     | 19619 ||| Stepping ~*~*~tactically~*~*~ (hiding).
 19620 | D:14     | 19620 ||| Stepping ~*~*~tactically~*~*~ (hiding).
 19621 | D:14     | 19621 ||| Stepping ~*~*~tactically~*~*~ (hiding).
 19622 | D:14     | 19622 ||| Stepping ~*~*~tactically~*~*~ (hiding).
 19751 | D:14     | 19751 ||| Stepping ~*~*~tactically~*~*~ (hiding).
 19786 | D:14     | Paralysed by a floating eye for 3 turns
 19790 | D:14     | 19790 ||| INVOKING Heroism.
 19797 | D:14     | Paralysed by a floating eye for 4 turns
 19805 | D:14     | Received a gift from Okawaru
 19808 | D:14     | Paralysed by a floating eye for 4 turns
 19878 | D:14     | Received a gift from Okawaru
 19889 | D:14     | 19889 ||| INVOKING Heroism.
 20102 | D:14     | Found a broken altar of Ashenzari.
 20152 | D:14     | 20152 ||| Stepping ~*~*~tactically~*~*~ (hiding).
 20154 | D:14     | 20154 ||| Stepping ~*~*~tactically~*~*~ (hiding).
 20351 | D:14     | 20351 ||| DROPPING ring of Law {Fire rPois Str-5 Dex-4
                  | SInv}.
 20385 | D:15     | Entered Level 15 of the Dungeon
 20386 | D:15     | 20386 ||| Stepping ~*~*~tactically~*~*~ (hiding).
 20393 | D:15     | Noticed Josephine
 20405 | D:15     | Killed Josephine
 20462 | D:15     | Reached skill level 16 in Axes
 20463 | D:15     | Identified the +0 kite shield of the Cockroach {+Blink
                  | rCorr} (Okawaru gifted it to you on level 15 of the
                  | Dungeon)
 20463 | D:15     | Received a gift from Okawaru
 20526 | D:15     | Found a sacrificial altar of Ru.
 20564 | D:15     | 20564 ||| Stepping ~*~*~tactically~*~*~ (hiding).
 20565 | D:15     | 20565 ||| Stepping ~*~*~tactically~*~*~ (hiding).
 20708 | D:15     | 20708 ||| Stepping ~*~*~tactically~*~*~ (stealth).
 20836 | D:15     | 20836 ||| Stepping ~*~*~tactically~*~*~ (hiding).
 20837 | D:15     | 20837 ||| Stepping ~*~*~tactically~*~*~ (hiding).
 20838 | D:15     | 20838 ||| Stepping ~*~*~tactically~*~*~ (hiding).
 20839 | D:15     | 20839 ||| Stepping ~*~*~tactically~*~*~ (hiding).
 20840 | D:15     | 20840 ||| Stepping ~*~*~tactically~*~*~ (hiding).
 21009 | D:15     | Identified the +8 dagger "Keraful" {venom, Drain Fly Int+4}
 21067 | D:15     | 21067 ||| INVOKING Heroism.
 21068 | D:15     | 21068 ||| SWAPPING to +2 morningstar.
 21069 | D:15     | 21069 ||| INVOKING Finesse.
 21081 | D:15     | 21081 ||| SWAPPING to +5 vampiric war axe.
 21100 | D:15     | 21100 ||| INVOKING Heroism.
 21132 | D:15     | Found a staircase to the Depths.
 21280 | D:15     | 21280 ||| PLANNING ORC
 21502 | Orc:1    | Entered Level 1 of the Orcish Mines
 21511 | Orc:1    | Noticed Erolcha
 21512 | Orc:1    | 21512 ||| Stepping ~*~*~tactically~*~*~ (hiding).
 21520 | Orc:1    | Killed Erolcha
 21521 | Orc:1    | 21521 ||| Stepping ~*~*~tactically~*~*~ (stealth).
 21521 | Orc:1    | Noticed Erica
 21522 | Orc:1    | 21522 ||| INVOKING Heroism.
 21524 | Orc:1    | 21524 ||| INVOKING Finesse.
 21530 | Orc:1    | 21530 ||| DRINKING 6 potions of curing.
 21530 | Orc:1    | 21530 ||| (to cure confusion)
 21533 | Orc:1    | Killed Erica
 21745 | Orc:2    | Entered Level 2 of the Orcish Mines
 21747 | Orc:2    | Noticed Nessos
 21748 | Orc:2    | 21748 ||| INVOKING Finesse.
 21772 | Orc:2    | Killed Nessos
 21777 | Orc:2    | Noticed an orc warlord
 21780 | Orc:2    | 21780 ||| INVOKING Heroism.
 21801 | Orc:2    | Killed an orc warlord
 21802 | Orc:2    | 21802 ||| Stepping ~*~*~tactically~*~*~ (hiding).
 21823 | Orc:2    | 21823 ||| Stepping ~*~*~tactically~*~*~ (hiding).
 21852 | Orc:2    | Reached XP level 16. HP: 101/101 MP: 23/23
 21860 | Orc:2    | 21860 ||| Stepping ~*~*~tactically~*~*~ (stealth).
 21865 | Orc:2    | 21865 ||| INVOKING Heroism.
 21870 | Orc:2    | Found a staircase to the Elven Halls.
 21994 | Orc:1    | 21994 ||| Stepping ~*~*~tactically~*~*~ (stealth).
 22006 | Orc:1    | Found an iron altar of Okawaru.
 22015 | Orc:1    | Noticed Harold
 22030 | Orc:1    | Killed Harold
 22291 | Orc:2    | 22291 ||| INVOKING Heroism.
 22303 | Orc:2    | 22303 ||| INVOKING Finesse.
 22363 | Orc:2    | Found Funyt's General Store.
 22369 | Orc:2    | 22369 ||| Stepping ~*~*~tactically~*~*~ (hiding).
 22377 | Orc:2    | 22377 ||| INVOKING Heroism.
 22390 | Orc:2    | Found Kapletim's Antique Armour Boutique.
 22404 | Orc:2    | 22404 ||| SHOPLISTING +9 scales of the Dragon King {rPois
                  | rF+ rC+ Will+} (4243 gold, have 2012).
 22404 | Orc:2    | 22404 ||| BUYING embroidered hat (238 gold).
 22404 | Orc:2    | Bought an embroidered hat for 238 gold pieces
 22404 | Orc:2    | 22404 ||| BUYING shiny plate armour (884 gold).
 22404 | Orc:2    | Bought a shiny plate armour for 884 gold pieces
 22427 | Orc:2    | 22427 ||| Stepping ~*~*~tactically~*~*~ (hiding).
 22430 | Orc:2    | 22430 ||| Stepping ~*~*~tactically~*~*~ (hiding).
 22431 | Orc:2    | 22431 ||| INVOKING Heroism.
 22455 | Orc:2    | Found Jodgh's Antique Weapon Shop.
 22461 | Orc:2    | Received a gift from Okawaru
 22480 | Orc:2    | 22480 ||| Stepping ~*~*~tactically~*~*~ (stealth).
 22481 | Orc:2    | 22481 ||| Stepping ~*~*~tactically~*~*~ (stealth).
 22565 | Orc:2    | 22565 ||| INVOKING Heroism.
 22566 | Orc:2    | Found Kophusia's Jewellery Boutique.
 22650 | Orc:2    | 22650 ||| BUYING +5 ring of evasion (576 gold).
 22650 | Orc:2    | Bought a +5 ring of evasion for 576 gold pieces
 22650 | Orc:2    | 22650 ||| SHOPLISTING ring "Lote" {AC+4 Dex+6} (889 gold,
                  | have 430).
 22650 | Orc:2    | 22650 ||| BUYING ring of ice (400 gold).
 22650 | Orc:2    | Bought a ring of ice for 400 gold pieces
 22650 | Orc:2    | 22650 ||| SHOPLISTING ring of protection from cold (400
                  | gold, have 30).
 22650 | Orc:2    | 22650 ||| SHOPLISTING ring of resist corrosion (320 gold,
                  | have 30).
 22765 | Orc:2    | 22765 ||| SHOPLISTING +2 cloak of poison resistance (240
                  | gold, have 90).
 22796 | Orc:2    | Noticed Rupert
 22797 | Orc:2    | 22797 ||| INVOKING Heroism.
 22811 | Orc:2    | Killed Rupert
 23004 | Orc:2    | 23004 ||| Stepping ~*~*~tactically~*~*~ (stealth).
 23009 | Orc:2    | 23009 ||| Stepping ~*~*~tactically~*~*~ (stealth).
 23012 | Orc:2    | 23012 ||| INVOKING Heroism.
 23038 | Orc:2    | HP: 25/104 [orc knight/+0 glaive (21)]
 23038 | Orc:2    | HP: 3/104 [orc warlord/+0 war axe (22)]
 23039 | Orc:2    | 23039 ||| READING 4 scrolls of teleportation.
 23039 | Orc:2    | Mangled by an orc warrior

Levels and vault maps discovered:
D:1:      minmay_arrival_stair_chambers, layout_basic,
          amcnicky_mini_rare_corridor_liquid, nicolae_eternal_life,
          nicolae_grassy_gnolls
D:2:      layout_loops_cross, minivault_14, minmay_tree_intersection
D:3:      layout_basic, makhleb_altar_promises_db, marbit_many_paths,
          nicolae_vehumet_radiance, shapermc_ecumenical_altar_mp_vishouse,
          uniq_natasha, uniq_robin
D:4:      layout_loops_corners, zin_purify
D:5:      layout_rooms, lemuel_crystal_altar, dk_yredelemnul_ordeal,
          minmay_temple_entry_ruins
D:6:      layout_basic, mainiacjoe_overflow_24_doors,
          chequers_ossuary_entry_cave, portal_sewer_entry_b, uniq_edmund
D:7:      layout_loops_ring, serial_shops, nicolae_shop_real_fake_doors,
          uniq_menkaure
D:8:      layout_basic, nicolae_tso_besieged_by_evil
D:9:      layout_basic, gammafunk_temple_overflow_elements, lemuel_tele_altar,
          kennysheep_orc_monster_closet_entryway, grunt_ministairs_1
D:10:     layout_cave_pods, nicolae_uskayaw_murder_on_the_dancefloor
D:11:     layout_long_grid, david_lair_generic, gauntlet_entry_generic
D:12:     layout_cave_pools, roderic_roman_lattice, uniq_nergalle
D:13:     layout_basic, david_vaults_4, portal_ice_cave_demonic_guard
D:14:     layout_basic, ashenzari_conservatory_becter, onia_ninara_cookie,
          uniq_snorg
D:15:     hangedman_depths_entry_try_elsewhere_first, layout_loops_ring,
          hangedman_decor_clover_reticule, chequers_jeans,
          nicolae_ru_awakened_eye, uniq_josephine
Temple:   hellmonk_temple_rainy
Lair:1:   layout_loops_ring, uniq_sonja
Lair:2:   layout_chaotic_city, minmay_shoals_entry_lonely_mermaid
Lair:3:   minmay_guarded_unrand_snakebite, layout_regular_city,
          nicolae_snake_entry_warm_welcome, pf_torpor_hydra
Lair:4:   beast_lair_carwin_large_2, layout_long_grid, minmay_shattered_shrine,
          infiniplex_staircase_pool, uniq_urug
Lair:5:   evilmike_catoblepas_cave, layout_regular_city, slime_entry_1,
          pdpol_lair_cabin_in_the_woods
Orc:1:    layout_caves, okawaru_metal_pillars_3, uniq_erica, uniq_harold,
          uniq_erolcha
Orc:2:    grunt_orc_gardens, layout_caves, grunt_orc_garden, grunt_orc_garden,
          grunt_orc_garden, grunt_orc_garden, minmay_orc_treasury, uniq_nessos,
          uniq_rupert

Skill      XL: |  1  2  3  4  5  6  7  8  9 10 11 12 13 14 15 16 |
---------------+-------------------------------------------------+-----
Axes           | 2 3 4 5 6 7 8 9 10 12 13 14 16 | 16.0
Fighting       | 4 5 6 7 8 9 10 11 12 13 | 13.0
Dodging        | 2 3 4 5 6 7 |  7.0
Invocations    | 3 4 5 9 10 | 10.1
Armour         | 4 5 6 7 8 9 10 | 10.2
Shields        | 6 9 10 11 12 13 | 13.4
Throwing       | 3 4 5 6 7 |  7.0

Action                     |  1- 3 |  4- 6 |  7- 9 | 10-12 | 13-15 | 16-18 || total
---------------------------+-------+-------+-------+-------+-------+-------++-------
  Melee: War axe           |    85 |   176 |   389 |   590 |  1158 |   174 ||  2572
         Morningstar       |       |       |       |       |    16 |       ||    16
  Throw: Boomerang         |       |       |       |    46 |    40 |    14 ||   100
         Javelin           |       |       |       |    35 |   167 |    19 ||   221
 Invoke: Heroism           |       |       |     3 |    15 |    25 |     7 ||    50
         Finesse           |       |       |       |     3 |     5 |     1 ||     9
    Use: Scroll            |     5 |    10 |    12 |     6 |     3 |     1 ||    37
         Potion            |       |       |     2 |     1 |     2 |       ||     5
 Armour: Scale mail        |    38 |       |       |       |       |       ||    38
         Chain mail        |     6 |    99 |   218 |   193 |   422 |    38 ||   976
         Skin              |     2 |       |       |       |       |       ||     2
  Dodge: Dodged            |    46 |    60 |   147 |   149 |   330 |    77 ||   809
  Block: Buckler           |    11 |    34 |    74 |       |       |       ||   119
         Kite shield       |       |       |    14 |   395 |   646 |   135 ||  1190
         Reflection        |       |       |       |     7 |       |       ||     7

Table legend:
 A = Non-vault XP
 B = Vault XP
 C = Vault XP percentage of total XP
 D = Non-vault monster count
 E = Vault monster count
 F = Vault count percentage of total count
                 A         B        C        D         E       F
            +---------+---------+-------+---------+---------+-------
      Total |   81632 |   67730 |  45.3 |     485 |     254 |  34.4
            +---------+---------+-------+---------+---------+-------
        D:1 |      55 |      14 |  20.3 |      27 |       1 |   3.6
        D:2 |      93 |       0 |   0.0 |      23 |       0 |   0.0
        D:3 |     109 |      73 |  40.1 |      20 |      14 |  41.2
        D:4 |     209 |       0 |   0.0 |      13 |       0 |   0.0
        D:5 |     689 |       2 |   0.3 |      23 |       2 |   8.0
        D:6 |     352 |     181 |  34.0 |      12 |       4 |  25.0
        D:7 |     844 |     169 |  16.7 |      18 |       1 |   5.3
        D:8 |    1449 |      56 |   3.7 |      26 |      12 |  31.6
        D:9 |    2256 |    2746 |  54.9 |      15 |      26 |  63.4
       D:10 |    3470 |       0 |   0.0 |      25 |       0 |   0.0
       D:11 |    4710 |     910 |  16.2 |      18 |       4 |  18.2
       D:12 |    6469 |     771 |  10.6 |      22 |       1 |   4.3
       D:13 |    7969 |    2330 |  22.6 |      21 |       5 |  19.2
       D:14 |    6655 |    9395 |  58.5 |      11 |      16 |  59.3
       D:15 |   10759 |    3991 |  27.1 |      27 |       7 |  20.6
     Lair:1 |    6937 |     778 |  10.1 |      26 |       1 |   3.7
     Lair:2 |    2721 |     474 |  14.8 |      15 |       1 |   6.2
     Lair:3 |    2776 |    2934 |  51.4 |      12 |      16 |  57.1
     Lair:4 |    8846 |    6321 |  41.7 |      30 |      14 |  31.8
     Lair:5 |    7544 |   11274 |  59.9 |      36 |      26 |  41.9
      Orc:1 |    2421 |    2566 |  51.5 |      23 |       3 |  11.5
      Orc:2 |    4299 |   17452 |  80.2 |      42 |      49 |  53.8
      Sewer |       0 |     147 | 100.0 |       0 |       4 | 100.0
    Ossuary |       0 |    1375 | 100.0 |       0 |      34 | 100.0
   Gauntlet |       0 |    3771 | 100.0 |       0 |      13 | 100.0
            +---------+---------+-------+---------+---------+-------
